TOP OF THE 1ST |
Greenport Harbor Whales batting - Pitching for Redwood Rhinos : RHP Sawao Sawada
|
Pitching: RHP Sawao Sawada
|
|
Batting: SHB Yoshihide Arai
|
0-0: Ball 1-0: Swinging Strike 1-1: Foul Ball, location: 2F 1-2: Ball 2-2: Ball 3-2: Strikes out swinging
|
Batting: SHB Obiniana Conol
|
0-0: Ball 1-0: Called Strike 1-1: Foul Ball, location: 2F 1-2: Foul Ball, location: 2F 1-2: Foul Ball, location: 2F 1-2: Ball 2-2: SINGLE (Line Drive, 4D, EV 98.8 MPH)
|
Batting: LHB Octávio Cruz
|
0-0: Called Strike 0-1: Foul Ball, location: 2F 0-2: Strikes out swinging
|
Batting: RHB Iván Monterrey
|
0-0: Fly out, F9 (Flyball, 9D, EV 103.1 MPH)
|
Top of the 1st over - 0 runs, 1 hit, 0 errors, 1 left on base; Greenport 0 - Redwood 0 |
BOTTOM OF THE 1ST |
Redwood Rhinos batting - Pitching for Greenport Harbor Whales : RHP Jorge Zapata
|
Pitching: RHP Jorge Zapata
|
|
Batting: RHB Maurice Hinkle
|
0-0: Swinging Strike 0-1: Ball 1-1: Ball 2-1: Swinging Strike 2-2: Strikes out swinging
|
Batting: SHB Waylon Iovsky
|
0-0: Ball 1-0: SINGLE (Groundball, 4MD, EV 108.1 MPH)
|
Batting: SHB Jim Edwards
|
0-0: Called Strike 0-1: Foul Ball, location: 2F 0-2: Ball 1-2: Foul Ball, location: 2F 1-2: Foul Ball, location: 2F 1-2: Foul Ball, location: 2F 1-2: DOUBLE (Line Drive, 78XD, EV 103.8 MPH) Waylon Iovsky to third
|
Batting: SHB Angus Fyfe
|
0-0: SINGLE (Groundball, 15S, EV 69.4 MPH) (infield hit)
|
Batting: RHB Ron Brown
|
0-0: Called Strike 0-1: Swinging Strike 0-2: Foul Ball, location: 2F 0-2: Foul Ball, location: 2F 0-2: Ball 1-2: Foul Ball, location: 2F 1-2: Foul Ball, location: 2F 1-2: Ball 2-2: Ball 3-2: Fly out, F8 (Line Drive, 8RD, EV 85.6 MPH) Runner from 3rd tags up, SCORES, throw by CF Jim Edwards to third
|
Batting: RHB Jin-haeng Yu
|
0-0: Ball 1-0: DOUBLE (Flyball, 78D, EV 108.1 MPH) Jim Edwards scores Angus Fyfe to third Runner from 3rd tries for Home, SAFE, throw by LF to home
|
Batting: RHB Edward Panther
|
0-0: Called Strike 0-1: Foul Ball, location: 2F 0-2: Ball 1-2: Strikes out swinging
|
Bottom of the 1st over - 3 runs, 4 hits, 0 errors, 1 left on base; Greenport 0 - Redwood 3 |
TOP OF THE 2ND |
Greenport Harbor Whales batting - Pitching for Redwood Rhinos : RHP Sawao Sawada
|
Batting: RHB Naomichi Kodo
|
0-0: Ball 1-0: Ball 2-0: Foul Ball, location: 2F 2-1: Foul Ball, location: 2F 2-2: Foul Ball, location: 2F 2-2: Ground out 2-3 (Groundball, 13S, EV 68.1 MPH)
|
Batting: RHB Matt Jenkins
|
0-0: Called Strike 0-1: Called Strike 0-2: Foul Ball, location: 2F 0-2: Foul Ball, location: 2F 0-2: Foul Ball, location: 2F 0-2: Foul Ball, location: 2F 0-2: Foul Ball, location: 2F 0-2: Ground out 3-1 (Groundball, 34, EV 100.0 MPH)
|
Batting: LHB Júlio Romano
|
0-0: Ball 1-0: Ball 2-0: Ball 3-0: Called Strike 3-1: Foul Ball, location: 2F 3-2: Fly out, F4 (Popup, 13S, EV 87.5 MPH)
|
Top of the 2nd over - 0 runs, 0 hits, 0 errors, 0 left on base; Greenport 0 - Redwood 3 |
BOTTOM OF THE 2ND |
Redwood Rhinos batting - Pitching for Greenport Harbor Whales : RHP Jorge Zapata
|
Batting: RHB Carlos Rosales
|
0-0: Called Strike 0-1: Ball 1-1: SINGLE (Groundball, 6D, EV 96.2 MPH)
|
Batting: RHB Fred Christensen
|
0-0: Called Strike 0-1: Called Strike Carlos Rosales steals 2nd base 0-2: Fly out, F9 (Flyball, 89M, EV 81.2 MPH)
|
Batting: RHB Maurice Hinkle
|
0-0: Ball 1-0: Foul Ball, location: 2F 1-1: Ball 2-1: Ball 3-1: Ground out 5-3 (Groundball, 56, EV 100.6 MPH)
|
Batting: SHB Waylon Iovsky
|
0-0: Called Strike 0-1: SINGLE (Line Drive, 8RS, EV 100.6 MPH) Carlos Rosales to third Runner from 3rd tries for Home, SAFE, throw by CF to home
|
Batting: SHB Jim Edwards
|
Pickoff Throw to First - Out! 1-3
|
Bottom of the 2nd over - 1 run, 2 hits, 0 errors, 0 left on base; Greenport 0 - Redwood 4 |
TOP OF THE 3RD |
Greenport Harbor Whales batting - Pitching for Redwood Rhinos : RHP Sawao Sawada
|
Batting: RHB Radomir Studer
|
0-0: Called Strike 0-1: Foul Ball, location: 2F 0-2: Ball 1-2: Foul Ball, location: 2F 1-2: Ground out 6-3 (Groundball, 6, EV 98.1 MPH)
|
Batting: RHB Oliver Maisanaba
|
0-0: Ground out 5-3 (Groundball, 56S, EV 70.0 MPH)
|
Batting: SHB Yoshihide Arai
|
0-0: Foul Ball, location: 2F 0-1: Ball 1-1: Fly out, F5 (Popup, 5F, EV 75.6 MPH)
|
Top of the 3rd over - 0 runs, 0 hits, 0 errors, 0 left on base; Greenport 0 - Redwood 4 |
BOTTOM OF THE 3RD |
Redwood Rhinos batting - Pitching for Greenport Harbor Whales : RHP Jorge Zapata
|
Batting: SHB Jim Edwards
|
0-0: Ball 1-0: Ball 2-0: Fly out, F6 (Line Drive, 6, EV 76.9 MPH)
|
Batting: SHB Angus Fyfe
|
0-0: SOLO HOME RUN (Flyball, 7D, EV 92.5 MPH), Distance : 355 ft
|
Batting: RHB Ron Brown
|
0-0: Ball 1-0: Foul Ball, location: 2F 1-1: Foul Ball, location: 2F 1-2: Ground out 3-1 (Groundball, 34, EV 89.4 MPH)
|
Batting: RHB Jin-haeng Yu
|
0-0: Ball 1-0: Called Strike 1-1: Foul Ball, location: 2F 1-2: Ball 2-2: Strikes out looking
|
Bottom of the 3rd over - 1 run, 1 hit, 0 errors, 0 left on base; Greenport 0 - Redwood 5 |
TOP OF THE 4TH |
Greenport Harbor Whales batting - Pitching for Redwood Rhinos : RHP Sawao Sawada
|
Batting: SHB Obiniana Conol
|
0-0: Ball 1-0: Ball 2-0: Foul Ball, location: 2F 2-1: Ball 3-1: SINGLE (Groundball, 4M, EV 106.2 MPH)
|
Batting: LHB Octávio Cruz
|
0-0: Grounds into double play, 4-6-3 (Groundball, 4, EV 86.2 MPH)
|
Batting: RHB Iván Monterrey
|
0-0: Foul Ball, location: 2F 0-1: Ground out 5-3 (Groundball, 5L, EV 103.1 MPH)
|
Top of the 4th over - 0 runs, 1 hit, 0 errors, 0 left on base; Greenport 0 - Redwood 5 |
BOTTOM OF THE 4TH |
Redwood Rhinos batting - Pitching for Greenport Harbor Whales : RHP Jorge Zapata
|
Batting: RHB Edward Panther
|
0-0: Ground out 5-3 (Groundball, 5, EV 88.8 MPH)
|
Batting: RHB Carlos Rosales
|
0-0: Foul Ball, location: 2F 0-1: Ball 1-1: Ball 2-1: Ball 3-1: Fly out, F3 (Popup, 3SF, EV 86.9 MPH)
|
Batting: RHB Fred Christensen
|
0-0: Ball 1-0: Ball 2-0: Ball 3-0: Called Strike 3-1: Ground out 6-3 (Groundball, 6, EV 105.6 MPH)
|
Bottom of the 4th over - 0 runs, 0 hits, 0 errors, 0 left on base; Greenport 0 - Redwood 5 |
TOP OF THE 5TH |
Greenport Harbor Whales batting - Pitching for Redwood Rhinos : RHP Sawao Sawada
|
Batting: RHB Naomichi Kodo
|
0-0: DOUBLE (Line Drive, 89XD, EV 105.0 MPH)
|
Batting: RHB Matt Jenkins
|
0-0: Called Strike 0-1: Ball 1-1: Foul Ball, location: 2F 1-2: Ball 2-2: Ball 3-2: Fly out, F8 (Flyball, 89M, EV 81.2 MPH)
|
Batting: LHB Júlio Romano
|
0-0: Called Strike 0-1: Ball 1-1: Foul Ball, location: 2F 1-2: Fly out, F8 (Flyball, 8LXD, EV 95.6 MPH) Runner from 2nd tags up, SAFE at 3rd, no throw by CF
|
Batting: RHB Radomir Studer
|
0-0: Ball 1-0: Ball 2-0: Foul Ball, location: 2F 2-1: Swinging Strike 2-2: Fly out, F8 (Flyball, 89D, EV 102.5 MPH)
|
Top of the 5th over - 0 runs, 1 hit, 0 errors, 1 left on base; Greenport 0 - Redwood 5 |
BOTTOM OF THE 5TH |
Redwood Rhinos batting - Pitching for Greenport Harbor Whales : RHP Jorge Zapata
|
Batting: RHB Maurice Hinkle
|
0-0: Foul Ball, location: 2F 0-1: Ground out U3 (Groundball, 34, EV 98.8 MPH)
|
Batting: SHB Waylon Iovsky
|
0-0: Called Strike 0-1: Foul Ball, location: 2F 0-2: DOUBLE (Groundball, 3L, EV 100.0 MPH)
|
Pitching: LHP Perry Walik
|
|
Batting: SHB Jim Edwards
|
0-0: Called Strike 0-1: SINGLE (Line Drive, 8LS, EV 100.0 MPH) Waylon Iovsky to third Runner from 3rd tries for Home, SAFE, throw by CF to home
|
Batting: SHB Angus Fyfe
|
0-0: Foul Ball, location: 2F 0-1: Foul Ball, location: 2F 0-2: Foul Ball, location: 2F 0-2: Strikes out swinging
|
Batting: RHB Ron Brown
|
0-0: Called Strike 0-1: Foul Ball, location: 2F 0-2: Fielders Choice at 2nd, 5-4 (Groundball, 56, EV 76.2 MPH)
|
Bottom of the 5th over - 1 run, 2 hits, 0 errors, 1 left on base; Greenport 0 - Redwood 6 |
TOP OF THE 6TH |
Greenport Harbor Whales batting - Pitching for Redwood Rhinos : RHP Sawao Sawada
|
Batting: RHB Oliver Maisanaba
|
0-0: Ground out U3 (Groundball, 34, EV 93.8 MPH)
|
Batting: SHB Yoshihide Arai
|
0-0: Foul Ball, location: 2F 0-1: Foul Ball, location: 2F 0-2: Ball 1-2: Fly out, F4 (Line Drive, 4, EV 73.1 MPH)
|
Batting: SHB Obiniana Conol
|
0-0: Swinging Strike 0-1: Fly out, F5 (Popup, 25, EV 83.8 MPH)
|
Top of the 6th over - 0 runs, 0 hits, 0 errors, 0 left on base; Greenport 0 - Redwood 6 |
BOTTOM OF THE 6TH |
Redwood Rhinos batting - Pitching for Greenport Harbor Whales : LHP Perry Walik
|
Batting: RHB Jin-haeng Yu
|
0-0: Ball 1-0: Called Strike 1-1: Foul Ball, location: 2F 1-2: Ball 2-2: Ball 3-2: Strikes out swinging
|
Batting: RHB Edward Panther
|
0-0: Fly out, F8 (Flyball, 89S, EV 91.9 MPH)
|
Batting: RHB Carlos Rosales
|
0-0: Ball 1-0: Called Strike 1-1: Foul Ball, location: 2F 1-2: Ground out 6-3 (Groundball, 6, EV 84.4 MPH)
|
Bottom of the 6th over - 0 runs, 0 hits, 0 errors, 0 left on base; Greenport 0 - Redwood 6 |
TOP OF THE 7TH |
Greenport Harbor Whales batting - Pitching for Redwood Rhinos : RHP Sawao Sawada
|
Batting: LHB Octávio Cruz
|
0-0: Ball 1-0: Ball 2-0: TRIPLE (Flyball, 89XD, EV 88.8 MPH)
|
Pitching: RHP William Wright
|
|
Batting: RHB Iván Monterrey
|
0-0: Ground out 5-3 (Groundball, 56, EV 83.8 MPH) Octávio Cruz scores
|
Batting: RHB Naomichi Kodo
|
0-0: Ball 1-0: Swinging Strike 1-1: Called Strike 1-2: Ground out U3 (Groundball, 34, EV 85.0 MPH)
|
Batting: RHB Matt Jenkins
|
0-0: Ball 1-0: SINGLE (Groundball, 56, EV 78.8 MPH) (infield hit)
|
Batting: LHB Júlio Romano
|
0-0: SINGLE (Groundball, 4MD, EV 101.2 MPH) Matt Jenkins to second Runner from 2nd tries for 3rd, SAFE, no throw by CF
|
Batting: RHB Radomir Studer
|
0-0: Ball 1-0: Called Strike 1-1: Ball 2-1: Foul Ball, location: 2F 2-2: 3-RUN HOME RUN (Flyball, 7LD, EV 92.5 MPH), Distance : 337 ft
|
Pitching: RHP David Dotson
|
|
Batting: RHB Oliver Maisanaba
|
0-0: Swinging Strike 0-1: Ball 1-1: Swinging Strike 1-2: Strikes out swinging
|
Top of the 7th over - 4 runs, 4 hits, 0 errors, 0 left on base; Greenport 4 - Redwood 6 |
BOTTOM OF THE 7TH |
Redwood Rhinos batting - Pitching for Greenport Harbor Whales : LHP Perry Walik
|
Batting: RHB Fred Christensen
|
0-0: Ball 1-0: Ball 2-0: Swinging Strike 2-1: Ball 3-1: Swinging Strike 3-2: Foul Ball, location: 2F 3-2: Strikes out swinging
|
Batting: RHB Maurice Hinkle
|
0-0: Foul Ball, location: 2F 0-1: Ball 1-1: Called Strike 1-2: SINGLE (Groundball, 56D, EV 103.8 MPH)
|
Batting: SHB Waylon Iovsky
|
0-0: Called Strike 0-1: Ball 1-1: Ball 2-1: Foul Ball, location: 2F 2-2: Fly out, F4 (Popup, 34, EV 68.8 MPH)
|
Pitching: RHP Ed Monroe
|
|
Batting: SHB Jim Edwards
|
0-0: Ball Wild Pitch! Maurice Hinkle to second 1-0: Foul Ball, location: 2F 1-1: Ball 2-1: SINGLE (Groundball, 34D, EV 95.0 MPH) Maurice Hinkle to third Runner from 3rd tries for Home, SAFE, throw by RF to home
|
Batting: SHB Angus Fyfe
|
0-0: Ball 1-0: Fielders Choice at 2nd, 6-4 (Groundball, 6, EV 104.4 MPH)
|
Bottom of the 7th over - 1 run, 2 hits, 0 errors, 1 left on base; Greenport 4 - Redwood 7 |
TOP OF THE 8TH |
Greenport Harbor Whales batting - Pitching for Redwood Rhinos : RHP David Dotson
|
Batting: SHB Yoshihide Arai
|
0-0: Swinging Strike 0-1: Foul Ball, location: 2F 0-2: Foul Ball, location: 2F 0-2: Ball 1-2: Foul Ball, location: 2F 1-2: Strikes out swinging
|
Batting: SHB Obiniana Conol
|
0-0: Called Strike 0-1: Fly out, F7 (Flyball, 7D, EV 97.5 MPH)
|
Batting: LHB Octávio Cruz
|
0-0: Called Strike 0-1: Ball 1-1: Swinging Strike 1-2: Strikes out looking
|
Top of the 8th over - 0 runs, 0 hits, 0 errors, 0 left on base; Greenport 4 - Redwood 7 |
BOTTOM OF THE 8TH |
Redwood Rhinos batting - Pitching for Greenport Harbor Whales : RHP Ed Monroe
|
Batting: RHB Ron Brown
|
0-0: Ball 1-0: Ball 2-0: Foul Ball, location: 2F 2-1: Ball 3-1: Fly out, F8 (Flyball, 8LD, EV 96.2 MPH)
|
Batting: RHB Jin-haeng Yu
|
0-0: Ball 1-0: Called Strike 1-1: Swinging Strike 1-2: Foul Ball, location: 2F 1-2: Foul Ball, location: 2F 1-2: Foul Ball, location: 2F 1-2: Strikes out swinging
|
Batting: RHB Edward Panther
|
0-0: Called Strike 0-1: Ball 1-1: Ball 2-1: Ball 3-1: Called Strike 3-2: Foul Ball, location: 2F 3-2: Strikes out swinging
|
Bottom of the 8th over - 0 runs, 0 hits, 0 errors, 0 left on base; Greenport 4 - Redwood 7 |
TOP OF THE 9TH |
Greenport Harbor Whales batting - Pitching for Redwood Rhinos : RHP David Dotson
|
Pitching: RHP Tetsuyuki Ando
|
|
Batting: RHB Iván Monterrey
|
0-0: Foul Ball, location: 2F 0-1: Ball 1-1: Ball 2-1: Foul Ball, location: 2F 2-2: Strikes out swinging
|
Pinch Hitting: SHB Joaquim Estao
|
0-0: Ball 1-0: Foul Ball, location: 2F 1-1: Fly out, F8 (Flyball, 8RXD, EV 91.9 MPH)
|
Batting: RHB Matt Jenkins
|
0-0: Ball 1-0: Fly out, F8 (Flyball, 8LD, EV 81.9 MPH)
|
Top of the 9th over - 0 runs, 0 hits, 0 errors, 0 left on base; Greenport 4 - Redwood 7 |
|